 Dungeon Crawl Stone Soup version 0.31-a0-195-g7586a6f1e9 (webtiles) character file.

Game seed: 6063298567688552640

60 qw the Shooter (level 3, -1/20 HPs)
             Began as a Deep Elf Hunter on June 24, 2023.
             Slain by a hobgoblin (2 damage)
             ... led by Robin
             ... on level 2 of the Dungeon.
             The game lasted 00:00:26 (1125 turns).

qw the Shooter (Deep Elf Hunter)                    Turns: 1125, Time: 00:00:26

Health: -1/20      AC:  9    Str: 10    XL:     3   Next: 80%
Magic:  5/5        EV: 11    Int: 13    God:
Gold:   93         SH:  0    Dex: 18    Spells: 2/2 levels left

rFire   . . .        Y - +0 shortbow
rCold   . . .        (shield currently unavailable)
rNeg    . . .        g - +0 ring mail
rPois   .            (no helmet)
rElec   .            (no cloak)
rCorr   .            (no gloves)
SInv    .            (no boots)
Will    .....        (no amulet)
Stlth   +            j - +4 ring of protection
HPRegen 0.23/turn    (no ring)
MPRegen 0.09/turn

%: no passive effects
@: no status effects
A: no striking features
a: no special abilities


You were on level 2 of the Dungeon.
You visited 1 branch of the dungeon, and saw 2 of its levels.

You collected 93 gold pieces.


   Skills:
 - Level 1.5 Fighting
 + Level 7.3 Ranged Weapons
 - Level 2.4 Dodging
 - Level 1.2 Stealth


You had 2 spell levels left.
You didn't know any spells.
Your spell library was empty.

Inventory:

Hand Weapons
 Y - a +0 shortbow (weapon)
Armour
 b - a +0 pair of gloves
 g - a +0 ring mail (worn)
Jewellery
 d - a +6 ring of dexterity
 f - a ring of ice
 j - a +4 ring of protection (left hand)
Scrolls
 a - a scroll of vulnerability {unknown}
 i - a scroll of identify
Potions
 c - 2 potions of cancellation {unknown}
 e - a potion of degeneration {unknown}
 h - a potion of mutation {unknown}

Dungeon Overview and Level Annotations

Branches:
Dungeon (2/15)

Altars:

Annotations:
D:2 Robin


Message History

The giant cockroach bites you but does no damage.
The goblin misses you.
The hobgoblin hits you but does no damage.
Robin roars a battlecry!
The goblins go into a battle-frenzy!
The giant cockroach misses you.
You shoot an arrow. The arrow closely misses the goblin.
The goblin closely misses you. The hobgoblin misses you.
A goblin comes into view. It is wielding a +0 dagger.
Robin barely misses you. The giant cockroach closely misses you.
You shoot an arrow.
The arrow hits the goblin but does no damage.
The goblin barely misses you. The hobgoblin misses you.
Robin closely misses you. The giant cockroach barely misses you.
The goblin closely misses you. Robin throws the goblin at you!
The hobgoblin barely misses you. The goblin misses you.
The giant cockroach completely misses you.
You shoot an arrow. The arrow barely misses the goblin.
The giant cockroach closely misses you. The goblin closely misses you.
The hobgoblin closely misses you. The goblin hits you but does no damage.
Robin hits you from afar with a +0 spear.
You shoot an arrow. The arrow barely misses the goblin.
The giant cockroach bites you. The goblin misses you. The hobgoblin hits you.
The goblin barely misses you. Robin closely misses you.
You shoot an arrow. The arrow closely misses the goblin.
The giant cockroach bites you but does no damage.
The goblin misses you.
The hobgoblin hits you but does no damage.
The goblin hits you but does no damage. Robin closely misses you.
The giant cockroach bites you but does no damage.
You shoot an arrow. The arrow hits the goblin!
You kill the goblin!
The goblin hits you with a +0 club. The hobgoblin closely misses you.
Robin laughs in a distinctly smug fashion.
Robin barely misses you. The giant cockroach barely misses you.
You shoot an arrow. The arrow closely misses the goblin.
The hobgoblin no longer looks unusually strong.
The giant cockroach bites you but does no damage.
The goblin hits you with a +0 club. The hobgoblin hits you.
You die...

#.#. ..... ##...)#
### ...#..# #.. .
## ##..#..# #..
.)## #. #.>.#..#
#.. ...).#g
#...#..# #..
..#...B####..##..#
#..
...).gg@)........#
#..
...)...g)........#
#..
........#......###
###
........#.####.#
........#)# #.#
........#.####.###
.................#
###.....######.#.#
#..... #.#.#


You could see Robin, a giant cockroach, 2 hobgoblins and a goblin (strong).

Vanquished Creatures
  An adder (D:1)
  2 worms (D:2)
  5 endoplasms
  A giant cockroach (D:1)
  14 goblins
  2 hobgoblins
  A quokka (D:2)
  2 ball pythons (D:1)
  3 bats (D:1)
  6 kobolds
  3 rats
40 creatures vanquished.

Notes
Turn   | Place    | Note
-------+----------+-------------------------------------------
     0 | D:1      | qw the Deep Elf Hunter began the quest for the Orb.
     0 | D:1      | Reached XP level 1. HP: 12/12 MP: 3/3
     0 | D:1      | 0 ||| qw: Version: 0.3-a-9-g12657ce
     0 | D:1      | 0 ||| qw: Game counter: 4756
     0 | D:1      | 0 ||| qw: Always use a shield: true
     0 | D:1      | 0 ||| qw: God list: Okawaru
     0 | D:1      | 0 ||| qw: Allow faded altars: false
     0 | D:1      | 0 ||| qw: Do Orc after D:15 true
     0 | D:1      | 0 ||| qw: Do second Lair branch before Depths: true
     0 | D:1      | 0 ||| qw: Lair rune preference: random
     0 | D:1      | 0 ||| qw: Plans: Normal
     0 | D:1      | 0 ||| PLANNING D:1-11
    48 | D:1      | Reached XP level 2. HP: 16/16 MP: 4/4
   214 | D:1      | Reached skill level 6 in Ranged Weapons
   719 | D:1      | 719 ||| UPGRADING to +0 ring mail.
   729 | D:1      | 729 ||| DROPPING +0 leather armour.
   730 | D:1      | 730 ||| UPGRADING to +4 ring of protection.
   731 | D:1      | 731 ||| READING scroll labelled FULOPR DESYMUNK.
   735 | D:1      | 735 ||| READING scroll labelled QUINIBBURGHA.
   736 | D:1      | 736 ||| READING scroll labelled KOERRYILETU.
   737 | D:1      | 737 ||| DROPPING scroll of butterflies.
   776 | D:2      | 776 ||| STAIRDANCE
   785 | D:1      | Reached XP level 3. HP: 19/20 MP: 5/5
   983 | D:2      | Reached skill level 7 in Ranged Weapons
  1101 | D:2      | Noticed Robin
  1124 | D:2      | HP: 4/20 [goblin/+0 club[Robin] (2)]
  1125 | D:2      | HP: 1/20 [goblin/+0 club[Robin] (3)]
  1125 | D:2      | Slain by a hobgoblin

Levels and vault maps discovered:
D:1:      wander_arrival_chamber, layout_basic, palyth_stone_intersect,
          minmay_bisected
D:2:      cheibrodos_greedy_goblins, layout_basic, basic_altar, st_stairs_10,
          uniq_robin

Skill      XL: |  1  2  3 |
---------------+----------+-----
Ranged Weapons | 6 7 |  7.3
Fighting       | |  1.5
Dodging        | |  2.4
Stealth        | |  1.2

Action                     || total
---------------------------++-------
   Fire: Shortbow          ||    96
    Use: Scroll            ||     3
 Armour: Ring mail         ||    39
  Dodge: Dodged            ||    58

Table legend:
 A = Non-vault XP
 B = Vault XP
 C = Vault XP percentage of total XP
 D = Non-vault monster count
 E = Vault monster count
 F = Vault count percentage of total count
                 A         B        C        D         E       F
            +---------+---------+-------+---------+---------+-------
      Total |      55 |      31 |  36.0 |      23 |      17 |  42.5
            +---------+---------+-------+---------+---------+-------
        D:1 |      25 |      10 |  28.6 |       9 |       6 |  40.0
        D:2 |      30 |      21 |  41.2 |      14 |      11 |  44.0
            +---------+---------+-------+---------+---------+-------
